 Dungeon Crawl Stone Soup version 0.19.1-1-g22dce08 (webtiles) character file.

5763 pib the Transmogrifier (level 10, -3/77 HPs)
             Began as a Mottled Draconian Transmuter on Jan 11, 2017.
             Was a Believer of Hepliaklqana.
             Slain by a wolf (6 damage)
             ... on level 10 of the Dungeon.
             The game lasted 00:47:18 (13403 turns).

pib the Transmogrifier (DrTm)                      Turns: 13403, Time: 00:47:19

Health: -3/77      AC:  7    Str: 13    XL:     10   Next: 49%
Magic:  15/19      EV: 14    Int: 17    God:    Hepliaklqana [**....]
Gold:   247        SH:  0    Dex: 11    Spells: 4 memorised, 11 levels left

rFire  . . .     SeeInvis .       - Unarmed
rCold  . . .     Gourm    .     (armour unavailable)
rNeg   . . .     Faith    .     (shield currently unavailable)
rPois  .         Spirit   .     (helmet restricted)
rElec  .         Reflect  .     (no cloak)
rCorr  .         Harm     .     (gloves currently unavailable)
MR     .....                    (no boots)
Stlth  ++........               (no amulet)
                                (no ring)
                                A - ring of stealth

@: short of breath, blade hands
A: breathe sticky flame splash, unfitting armour, reduced essence, cold-blooded,
AC +7
a: Breathe Sticky Flame, End Transformation, Recall Ancestor, Ancestor Identity,
Renounce Religion


You were on level 10 of the Dungeon.
You worshipped Hepliaklqana.
Hepliaklqana was pleased with you.
You were very hungry.
You had blades for hands.
You visited 3 branches of the dungeon, and saw 12 of its levels.

You collected 279 gold pieces.
You spent 32 gold pieces at shops.

Inventory:

Hand Weapons
 r - a +0 blowgun
Missiles
 a - 37 arrows
 d - 2 tomahawks of returning (quivered)
 y - 18 poisoned needles
Jewellery
 s - an uncursed amulet of harm
 A - a ring of stealth (left scythe-like blade)
 E - a cursed ring of teleportation {unknown}
Wands
 e - a wand of flame (24/48)
 u - a wand of digging (11/24)
 x - a wand of random effects (26/48)
 z - a wand of lightning (15/15)
 C - a wand of paralysis (14/24)
 F - a wand of random effects (29/48)
 G - a wand of slowing (22/48)
 H - a wand of iceblast (7/15)
Scrolls
 c - a scroll of recharging
 g - 7 scrolls of identify
 i - a scroll of immolation
 j - 5 scrolls of enchant weapon
 l - 3 scrolls of remove curse
 m - 3 scrolls of fog
 p - 2 scrolls of random uselessness
 t - a scroll of enchant armour
Potions
 f - a potion of brilliance {unknown}
 n - a potion of agility
 o - a potion of might
 v - a potion of flight {unknown}
 B - a potion of heal wounds {unknown}
 D - a potion of mutation {unknown}
 I - 2 potions of lignification {unknown}
Books
 b - a book of Changes

   Spells                             Type                      Level
   a - Beastly Appendage              Transmutation                1
   b - Sticks to Snakes               Transmutation                2
   c - Spider Form                    Transmutation/Poison         3
   d - Ice Form                       Ice/Transmutation            4
   e - Blade Hands                    Transmutation                5
 k - a book of Clouds

   Spells                             Type                      Level
   a - Mephitic Cloud                 Conjuration/Poison/Air       3
   b - Conjure Flame                  Conjuration/Fire             3
   c - Poisonous Cloud                Conjuration/Poison/Air       6
   d - Freezing Cloud                 Conjuration/Ice/Air          6
   e - Ring of Flames                 Charms/Fire                  7
Comestibles
 h - 4 meat rations
 q - 2 slices of pizza
 w - a fruit


   Skills:
 - Level 7.0 Fighting
 + Level 5.7 Dodging
 - Level 7.4 Unarmed Combat
 + Level 6.5 Spellcasting
 + Level 8.8 Transmutations
 - Level 2.8 Poison Magic


You had 11 spell levels left.
You knew the following spells:

 Your Spells              Type           Power        Failure   Level  Hunger
a - Beastly Appendage     Tmut           #####.       12%         1    None
b - Sticks to Snakes      Tmut           #####...     12%         2    None
c - Spider Form           Tmut/Pois      ####......   28%         3    ##.....
d - Blade Hands           Tmut           #####.....   45%         5    #####..


Dungeon Overview and Level Annotations

Branches:
Dungeon (10/15)            Temple (1/1) D:4            Lair (1/6) D:10
    Orc: D:9-12

Altars:
Ashenzari
Cheibriados
Dithmenos
Elyvilon
Fedhas
Gozag
Hepliaklqana
Kikubaaqudgha
Makhleb
Nemelex Xobeh
Okawaru
Qazlal
Ru
Sif Muna
Trog
Uskayaw
Vehumet
Xom
Yredelemnul
Zin
The Shining One

Shops:
D:7 %

Annotations:
D:2 Jessica
D:7 Joseph
D:9 Atlantean's ghost, novice GrFi


Innate Abilities, Weirdness & Mutations

You can spit globs of burning liquid.
You can ignite nearby creatures when you spit burning liquid.
Your weird mottled scales are hard. (AC +7)
You cannot fit into any form of body armour.
You are cold-blooded and may be slowed by cold attacks.
Your life essence is reduced. (-10% HP)


Message History

Esh drains the wolf!
Esh closely misses the wolf.
Esh gestures at the wolf while chanting.
The wolf seems to slow down.
The wolf misses you.
Things that are here:
4 stones; a dagger The wolf bites you.
* * * LOW HITPOINT WARNING * * *
Press: ? - help, Shift-Dir - straight line, f - wolf
Aim: a wolf You spit a glob of burning liquid.
The splash of liquid fire hits the wolf.
The wolf is moderately wounded.
The wolf is covered in liquid flames!
The sticky flame splashes onto the wolf!
The wolf is covered in liquid flames!
You are feeling very hungry.
The wolf burns!
The flames covering the wolf go out.
The wolf stops burning.
The wolf bites you.
You die...

≈#.##[###................#
# #+ #.......########.#
#................#
.................#
....≈...≈≈..≈..##
...≈≈.†.≈≈≈.≈..#
.≈≈≈≈.≈.≈≈≈≈≈≈.#
#...≈≈≈≈≈.≈≈≈≈...#
#...≈≈≈≈≈@≈≈≈....#
.....≈≈≈hh≈≈≈≈≈..#
#....≈≈≈≈..≈≈≈≈..#
#...≈≈≈.≈.≈≈≈≈≈≈.#
#..≈≈≈.R..≈≈≈≈≈≈#
#≈≈.≈≈..(.≈≈≈≈≈≈#
#..≈≈.≈.>..≈≈≈≈≈#
....≈≈≈....≈≈≈≈≈≈#
...≈≈≈≈.≈.≈.≈≈≈≈≈#


You could see the friendly Esh the hexer and 2 wolves.

Vanquished Creatures
  An ugly thing (D:8)
  Psyche (D:8)
  A hippogriff (D:8)
  A wyvern (D:8)
  A yak (D:8)
  A hungry ghost (D:9)
  2 orc warriors
  A sky beast (D:5)
  A black bear (D:8)
  3 ice beasts
  A phantom (D:8)
  2 wolves (D:10)
  A centaur (D:9)
  2 big kobolds
  4 bullfrogs
  A water moccasin zombie (D:6)
  2 scorpions
  3 killer bees (D:8)
  10 wights
  2 howler monkeys (D:9)
  An electric eel (D:10)
  A crimson imp (D:9)
  2 bullfrog zombies
  A quasit (D:7)
  6 hounds
  5 orc wizards
  4 orc priests
  A centaur skeleton (D:8)
  2 iguanas (D:10)
  5 worker ants
  A gnoll (D:8)
  4 adders
  A shadow imp (D:8)
  2 oozes
  An adder zombie (D:7)
  An adder skeleton (D:8)
  3 worms
  2 dart slugs
  21 orcs
  2 giant cockroaches
  9 goblins
  5 hobgoblins
  7 jackals
  5 quokkas
  3 ball pythons
  6 bats
  3 frilled lizards
  14 kobolds
  5 rats
164 creatures vanquished.

Vanquished Creatures (collateral kills)
  Prince Ribbit (D:7)
  2 yaks
  2 orc warriors
  2 ice beasts
  A sky beast (D:9)
  An ogre (D:6)
  A centaur (D:7)
  A wolf (D:10)
  A scorpion (D:8)
  2 electric eels (D:10)
  A crimson imp (D:8)
  A jelly (D:9)
  An orc priest (D:9)
  A centaur skeleton (D:6)
  A worker ant (D:6)
  An adder zombie (D:10)
  A leopard gecko (D:8)
  8 orcs
  A kobold (D:9)
30 creatures vanquished.

Vanquished Creatures (others)
  A bullfrog (D:7)
  A hexer (D:8)
  7 ancestors
9 creatures vanquished.

Grand Total: 203 creatures vanquished

Notes
Turn   | Place    | Note
-------+----------+-------------------------------------------
     0 | D:1      | pib the Draconian Transmuter began the quest for the Orb.
     0 | D:1      | Reached XP level 1. HP: 16/16 MP: 3/3
   352 | D:1      | Reached XP level 2. HP: 17/24 MP: 5/5
   924 | D:2      | Found an ancient bone altar of Kikubaaqudgha.
  1028 | D:2      | Noticed Jessica
  1363 | D:2      | Reached XP level 3. HP: 28/30 MP: 6/6
  2028 | D:2      | You fall through a shaft!
  2429 | D:3      | Reached XP level 4. HP: 34/38 MP: 7/7
  2458 | D:3      | Learned a level 2 spell: Sticks to Snakes
  2723 | D:3      | Reached XP level 5. HP: 16/45 MP: 7/9
  3130 | D:3      | Found a glowing golden altar of the Shining One.
  3594 | D:4      | Learned a level 3 spell: Spider Form
  3831 | D:4      | Found a staircase to the Ecumenical Temple.
  3848 | Temple   | Entered the Ecumenical Temple
  4064 | Temple   | Became a worshipper of Hepliaklqana the Forgotten
  4179 | D:5      | Entered Level 5 of the Dungeon
  4204 | D:5      | Noticed an ice beast
  4204 | D:5      | Noticed a sky beast
  4255 | D:5      | Found a hide-covered altar of Uskayaw.
  4256 | D:5      | Noticed a hand axe
  4256 | D:5      | Noticed a dagger
  4390 | D:5      | Reached skill level 5 in Unarmed Combat
  4525 | D:5      | Killed an ice beast
  4525 | D:5      | Reached skill level 3 in Transmutations
  4525 | D:5      | Reached skill level 1 in Poison Magic
  4525 | D:5      | Reached XP level 6. HP: 11/45 MP: 2/10
  5075 | D:5      | Killed a sky beast
  5320 | D:6      | Found a blossoming altar of Fedhas.
  5679 | D:6      | Reached skill level 4 in Transmutations
  5679 | D:6      | Your scales start taking on a weird mottled colour.
  5679 | D:6      | Reached XP level 7. HP: 51/51 MP: 3/11
  5756 | D:6      | Reached * piety under Hepliaklqana
  6374 | D:6      | Reached skill level 5 in Transmutations
  6594 | D:7      | Noticed a hungry ghost
  6674 | D:7      | Noticed Prince Ribbit
  7170 | D:7      | Reached skill level 6 in Transmutations
  7256 | D:7      | Learned a level 5 spell: Blade Hands
  7292 | D:7      | Found Ciurrexzo's Food Boutique.
  7713 | D:7      | Bought a slice of pizza for 16 gold pieces
  7713 | D:7      | Bought a beef jerky for 16 gold pieces
  7727 | D:7      | Noticed Joseph
  7728 | D:7      | Reached skill level 7 in Transmutations
  7728 | D:7      | Reached XP level 8. HP: 24/56 MP: 8/12
  8333 | D:7      | Killed Prince Ribbit
  8333 | D:7      | Reached skill level 8 in Transmutations
  8594 | D:7      | Reached ** piety under Hepliaklqana
  8595 | D:7      | Remembered your ancestor Esh as a hexer
  8753 | D:8      | Noticed a brown ugly thing
  8755 | D:8      | Noticed a hippogriff
  8770 | D:8      | Killed a hippogriff
  8780 | D:8      | Killed a brown ugly thing
  8780 | D:8      | Reached skill level 5 in Spellcasting
  8780 | D:8      | Reached XP level 9. HP: 36/62 MP: 3/17
  9964 | D:8      | Noticed Psyche
  9973 | D:8      | Killed Psyche
 10382 | D:9      | Reached skill level 5 in Fighting
 10445 | D:9      | Noticed Atlantean's ghost (novice GrFi)
 11303 | D:9      | Reached XP level 10. HP: 43/74 MP: 14/19
 12032 | D:9      | Reached skill level 5 in Dodging
 12404 | D:10     | Entered Level 10 of the Dungeon
 12820 | D:10     | Found a staircase to the Lair.
 13185 | Lair:1   | Entered Level 1 of the Lair of Beasts
 13402 | D:10     | HP: 3/77 [wolf (3)]
 13403 | D:10     | Slain by a wolf

Skill      XL: |  1  2  3  4  5  6  7  8  9 10 |
---------------+-------------------------------+-----
Fighting       | 2 3 5 7 |  7.0
Unarmed Combat | 4 5 6 7 |  7.4
Spellcasting   | 3 5 6 |  6.5
Transmutations | 3 4 7 8 |  8.8
Poison Magic   | 1 2 |  2.8
Dodging        | 4 5 |  5.7

Action                   |  1- 3 |  4- 6 |  7- 9 | 10-12 || total
-------------------------+-------+-------+-------+-------++-------
Melee: Unarmed           |   171 |   170 |   325 |   138 ||   804
       Tailslap          |    12 |    18 |    31 |     9 ||    70
       Headbutt          |     2 |     7 |    11 |       ||    20
       Kick              |       |    18 |    15 |     5 ||    38
       Punch             |       |     4 |     6 |     2 ||    12
 Cast: Beastly Appendage |     2 |    16 |    21 |     2 ||    41
       Sticks to Snakes  |       |    21 |    26 |       ||    47
       Spider Form       |       |       |     7 |       ||     7
       Blade Hands       |       |       |     7 |    12 ||    19
Invok: Ancestor Identity |       |     1 |       |     1 ||     2
       Recall Ancestor   |       |       |     3 |     1 ||     4
       Ancestor Life: He |       |       |     1 |       ||     1
 Abil: Breathe Sticky Fl |       |       |     7 |     1 ||     8
       End Transformatio |       |       |     1 |       ||     1
  Use: Potion            |     2 |     2 |     6 |       ||    10
       Scroll            |     1 |       |    15 |       ||    16
 Stab: Sleeping          |     1 |       |     1 |     1 ||     3
       Distracted        |       |       |     2 |       ||     2
       Confused          |       |       |     1 |       ||     1
  Eat: Chunk             |     2 |     5 |     9 |     3 ||    19
       Bread ration      |     1 |     1 |     4 |     1 ||     7
       Pizza             |       |       |     1 |       ||     1
       Fruit             |       |       |       |     1 ||     1
       Beef jerky        |       |       |       |     1 ||     1
Armor: Skin              |    55 |    57 |   123 |    42 ||   277
Dodge: Dodged            |   109 |    97 |   226 |   116 ||   548
